 Dungeon Crawl Stone Soup version 0.31-a0-702-gf82c85558f (webtiles) character file.

Game seed: 9058749893929233699

385 qw the Shooter (level 6, -3/39 HPs)
             Began as a Gargoyle Hunter on Sept 7, 2023.
             Was an Initiate of Okawaru.
             Slain by a gnoll sergeant
             ... wielding a +0 spear
              (5 damage)
             ... on level 5 of the Dungeon.
             The game lasted 00:01:05 (4044 turns).

qw the Shooter (Gargoyle Hunter)                    Turns: 4044, Time: 00:01:06

Health: -3/39      AC: 12    Str: 15    XL:     6   Next: 77%
Magic:  6/6        EV: 11    Int:  9    God:    Okawaru [......]
Gold:   207        SH:  0    Dex: 15    Spells: 5/5 levels left

rFire   . . .        Y - +0 shortbow
rCold   . . .        (shield currently unavailable)
rNeg    + . .        g - +0 ring mail
rPois   inf          (no helmet)
rElec   +            (no cloak)
rCorr   .            e - +1 pair of gloves
SInv    .            d - +0 pair of boots
Will    .....        f - amulet of the acrobat
Stlth   +            (no ring)
HPRegen 0.26/turn    (no ring)
MPRegen 0.10/turn

%: acrobat
@: about to teleport
A: sickness immunity, AC +4, negative energy resistance 1, electricity
resistance, torment resistance 1, petrification resistance
a: Renounce Religion


You were on level 5 of the Dungeon.
You worshipped Okawaru.
Okawaru was noncommittal.
You visited 1 branch of the dungeon, and saw 5 of its levels.

You collected 207 gold pieces.


Innate Abilities, Weirdness & Mutations

You are immune to sickness and miasma.
Your stone body is resilient. (AC +4)
You are immune to poison.
You resist negative energy. (rN+)
You are resistant to electric shocks. (rElec)
You are resistant to unholy torment.
You are immune to petrification.


   Skills:
 - Level 4.5 Fighting
 + Level 6.8 Ranged Weapons
 - Level 1.0 Armour
 - Level 1.5 Dodging
 - Level 1.1 Stealth


You had 5 spell levels left.
You didn't know any spells.
Your spell library was empty.

Inventory:

Hand Weapons
 Y - a +0 shortbow (weapon)
Armour
 d - a +0 pair of boots (worn)
 e - a +1 pair of gloves (worn)
 g - a +0 ring mail (worn)
Jewellery
 f - an amulet of the acrobat (around neck)
Scrolls
 a - 3 scrolls of identify
 c - a scroll of teleportation
Potions
 b - 2 potions of enlightenment
 h - a potion of curing
 i - a potion of brilliance {unknown}

Dungeon Overview and Level Annotations

Branches:
Dungeon (5/15)             Temple (0/1) D:4

Altars:
Fedhas
Okawaru
Sif Muna

Annotations:
D:3 1 runed translucent door, Crazy Yiuf
D:5 Edmund


Message History

A gnoll sergeant comes into view. It is wielding a +0 spear.
4037 |||
Found retreat position at 0,-3 (floor) with 0 blocking monsters and 2 monsters attacking at destination at distance 3
4037 ||| Stepping ~*~*~tactically~*~*~ (retreating).
The gnoll sergeant shouts!
The gnoll closely misses you. The gnoll completely misses you.
Edmund the Younger comes into view.
He is wielding a +0 flail of draining and wearing a +8 chain mail of ponderousness.
You see here a howler monkey corpse.
4038 |||
Found retreat position at 1,0 (gnoll; floor) with 0 blocking monsters and 3 monsters attacking at destination at distance 1 You shoot an arrow.
The arrow hits the gnoll.
You kill the gnoll!
Okawaru accepts your kill. The gnoll hits you with a +0 flail!
4039 |||
Found retreat position at -1,-4 (Edmund; floor) with 0 blocking monsters and 2 monsters attacking at destination at distance 4
4039 ||| Stepping ~*~*~tactically~*~*~ (retreating).
4040 |||
Found retreat position at 0,-2 (Edmund; floor) with 0 blocking monsters and 2 monsters attacking at destination at distance 2
4040 ||| Stepping ~*~*~tactically~*~*~ (retreating).
Edmund completely misses you.
4041 |||
Found retreat position at 0,-1 (Edmund; floor) with 0 blocking monsters and 1 monsters attacking at destination at distance 1 You shoot an arrow.
The arrow hits Edmund.
Edmund is lightly wounded.
The gnoll hits you with a +0 flail. Edmund barely misses you.
The gnoll barely misses you.
4042 |||
Found retreat position at 0,-1 (Edmund; floor) with 0 blocking monsters and 1 monsters attacking at destination at distance 1 You shoot an arrow.
The arrow hits Edmund but does no damage.
Edmund is lightly wounded.
Edmund hits you with a +0 flail of draining.
The gnoll hits you but does no damage.
4043 |||
Found retreat position at 0,-1 (Edmund; floor) with 0 blocking monsters and 2 monsters attacking at destination at distance 1
4043 ||| READING 2 scrolls of teleportation.
As you read the scroll of teleportation, it crumbles to dust.
You feel strangely unstable. Edmund barely misses you.
The gnoll barely misses you.
The gnoll sergeant hits you from afar with a +0 spear.
4044 |||
Found retreat position at 0,-1 (Edmund; floor) with 0 blocking monsters and 2 monsters attacking at destination at distance 1 You shoot an arrow.
The arrow hits Edmund.
Edmund is lightly wounded.
Edmund hits you but does no damage. The gnoll hits you with a +0 flail.
The gnoll sergeant hits you from afar with a +0 spear.
You die...

#.# #.# #.# #.# ... #.#
#@# #@# . #g####g...
#5g..g.... #.#######+##
#############...........
#...........#...........
#...........#...........
#...........#.....).....
#...........#...........


You could see Edmund, a gnoll sergeant, a gnoll and an ufetubus.

Vanquished Creatures
  A black bear (D:4)
  An ice beast (D:5)
  A howler monkey (D:5)
  A gnoll (D:5)
  7 adders
  A shadow imp (D:5)
  A worm (D:3)
  4 dart slugs
  4 orcs
  5 ball pythons
  6 endoplasms
  2 giant cockroaches
  3 goblins
  8 hobgoblins
  5 jackals
  2 kobolds (D:1)
  4 quokkas
  5 bats
  3 frilled lizards
  5 rats
69 creatures vanquished.

Notes
Turn   | Place    | Note
-------+----------+-------------------------------------------
     0 | D:1      | qw the Gargoyle Hunter began the quest for the Orb.
     0 | D:1      | Reached XP level 1. HP: 12/12 MP: 1/1
     0 | D:1      | 0 ||| qw: Version: 0.3-a-76-g4403597
     0 | D:1      | 0 ||| qw: Game counter: 873
     0 | D:1      | 0 ||| qw: Melee chars always use a shield: true
     0 | D:1      | 0 ||| qw: God list: Okawaru
     0 | D:1      | 0 ||| qw: Allow faded altars: false
     0 | D:1      | 0 ||| qw: Do Orc after clearing Dungeon:15 true
     0 | D:1      | 0 ||| qw: Do second Lair branch before Depths: true
     0 | D:1      | 0 ||| qw: Lair rune preference: random
     0 | D:1      | 0 ||| qw: Goals: Normal
     0 | D:1      | 0 ||| PLANNING D:1-11
   154 | D:1      | Reached XP level 2. HP: 17/17 MP: 2/2
   588 | D:1      | 588 ||| READING 3 scrolls labelled RUQENO ULAEC.
   589 | D:1      | 589 ||| READING scroll labelled HUMUIWKUPH.
   590 | D:1      | 590 ||| DROPPING scroll of butterflies.
   897 | D:2      | Reached XP level 3. HP: 21/21 MP: 3/3
  1108 | D:2      | Reached skill level 5 in Ranged Weapons
  1156 | D:2      | Found a faded altar of an unknown god.
  1340 | D:2      | 1340 ||| UPGRADING to +0 ring mail.
  1350 | D:2      | 1350 ||| DROPPING +0 leather armour.
  1351 | D:2      | 1351 ||| UPGRADING to amulet of the acrobat.
  1356 | D:2      | 1356 ||| READING scroll labelled TATYADGH QAINI.
  1357 | D:2      | 1357 ||| READING scroll labelled EKHEMU KUOR.
  1371 | D:2      | 1371 ||| READING scroll labelled JUTUT GIODUSA.
  1372 | D:2      | 1372 ||| READING 3 scrolls of identify.
  1372 | D:2      | 1372 ||| IDENTIFYING pink potion
  1373 | D:2      | 1373 ||| READING 2 scrolls of identify.
  1373 | D:2      | 1373 ||| IDENTIFYING glowing brown potion
  1907 | D:3      | Reached XP level 4. HP: 27/27 MP: 4/4
  1961 | D:3      | Reached skill level 1 in Armour
  2017 | D:3      | Reached skill level 3 in Fighting
  2024 | D:3      | HP: 6/28 [adder (2)]
  2025 | D:3      | 2025 ||| DRINKING potion of heal wounds.
  2577 | D:3      | Found a runed translucent door.
  2578 | D:3      | Noticed Crazy Yiuf
  2690 | D:3      | 2690 ||| UPGRADING to +0 pair of boots.
  2695 | D:3      | 2695 ||| UPGRADING to +1 pair of gloves.
  2700 | D:3      | 2700 ||| DROPPING +0 pair of gloves of stealth.
  2701 | D:3      | 2701 ||| READING 3 scrolls labelled MYMOEM KILESU.
  2791 | D:3      | 2791 ||| READING scroll labelled TEULLA HONAOD.
  2978 | D:4      | Reached XP level 5. HP: 32/32 MP: 5/5
  2996 | D:4      | Noticed a black bear
  3037 | D:4      | Found an iron altar of Okawaru.
  3038 | D:4      | 3038 ||| PLANNING OKAWARU WORSHIP
  3038 | D:4      | 3038 ||| READING scroll labelled DUK BEDANAS.
  3039 | D:4      | 3039 ||| READING scroll labelled IRCHUO WYCW.
  3040 | D:4      | Found a blossoming altar of Fedhas.
  3047 | D:4      | Became a worshipper of Warmaster Okawaru
  3048 | D:4      | 3048 ||| PLANNING D:1-11
  3185 | D:4      | Killed a black bear
  3186 | D:4      | Reached skill level 6 in Ranged Weapons
  3191 | D:4      | Reached XP level 6. HP: 29/37 MP: 6/6
  3270 | D:4      | Found a shimmering blue altar of Sif Muna.
  3629 | D:4      | Found a staircase to the Ecumenical Temple.
  3905 | D:4      | 3905 ||| READING 4 scrolls of identify.
  3905 | D:4      | 3905 ||| IDENTIFYING smoky red potion
  3937 | D:5      | Entered Level 5 of the Dungeon
  3994 | D:5      | Noticed an ice beast
  4006 | D:5      | Killed an ice beast
  4037 | D:5      | 4037 ||| Stepping ~*~*~tactically~*~*~ (retreating).
  4037 | D:5      | Noticed Edmund
  4039 | D:5      | 4039 ||| Stepping ~*~*~tactically~*~*~ (retreating).
  4040 | D:5      | 4040 ||| Stepping ~*~*~tactically~*~*~ (retreating).
  4042 | D:5      | HP: 8/39 [Edmund/+0 flail of draining (2)]
  4043 | D:5      | 4043 ||| READING 2 scrolls of teleportation.
  4043 | D:5      | HP: 3/39 [gnoll sergeant/+0 spear (5)]
  4044 | D:5      | Slain by a gnoll sergeant

Levels and vault maps discovered:
D:1:      matt_arrival_diagonals, layout_loops_ring
D:2:      layout_loops_ring, nicolae_ecumenical_oubliette
D:3:      layout_loops_corners, uniq_crazy_yiuf_cottage
D:4:      layout_basic, mainiacjoe_overflow_cross_hatched,
          gammafunk_temple_overflow_pools, minmay_temple_entry_glassed_door,
          mrwooster_statue_mirror, kennysheep_opposing_triangles
D:5:      layout_basic, regret_index_temple_of_mockery, nicolae_grassy_gnolls,
          uniq_edmund, uniq_ijyb

Skill      XL: |  1  2  3  4  5  6 |
---------------+-------------------+-----
Ranged Weapons | 5 6 |  6.8
Armour         | 1 |  1.0
Fighting       | 3 4 |  4.5
Dodging        | |  1.5
Stealth        | |  1.1

Action                     |  1- 3 |  4- 6 || total
---------------------------+-------+-------++-------
   Fire: Shortbow          |    87 |   150 ||   237
    Use: Scroll            |     7 |     6 ||    13
         Potion            |       |     1 ||     1
 Armour: Leather armour    |    12 |       ||    12
         Ring mail         |     4 |   114 ||   118
  Dodge: Dodged            |    14 |    90 ||   104

Table legend:
 A = Non-vault XP
 B = Vault XP
 C = Vault XP percentage of total XP
 D = Non-vault monster count
 E = Vault monster count
 F = Vault count percentage of total count
                 A         B        C        D         E       F
            +---------+---------+-------+---------+---------+-------
      Total |     386 |     164 |  29.8 |      64 |       5 |   7.2
            +---------+---------+-------+---------+---------+-------
        D:1 |      20 |       0 |   0.0 |      12 |       0 |   0.0
        D:2 |      55 |       0 |   0.0 |      16 |       0 |   0.0
        D:3 |      74 |       0 |   0.0 |      19 |       0 |   0.0
        D:4 |      40 |     150 |  78.9 |      14 |       4 |  22.2
        D:5 |     197 |      14 |   6.6 |       3 |       1 |  25.0
            +---------+---------+-------+---------+---------+-------
